 Dungeon Crawl Stone Soup version 0.32-a0-999-gfa1cc04b1d (webtiles) character file.

Game seed: 8809512729553754238

199 Cancer the Sneak (level 5, -16/36 HPs)
             Began as an Octopode Shapeshifter on Apr 24, 2024.
             Demolished by an ogre
             ... wielding a +0 giant spiked club
              (21 damage)
             ... on level 4 of the Dungeon.
             The game lasted 00:06:14 (2070 turns).

Cancer the Sneak (Octopode Shapeshifter)            Turns: 2070, Time: 00:06:14

Health: -16/36     AC:  1    Str: 15    XL:     5   Next: 77%
Magic:  5/5        EV: 12    Int: 12    God:
Gold:   173        SH:  0    Dex: 12    Spells: 4/4 levels left

rFire   + .          .
                       - Unarmed
rCold   . . .        (no shield)
rNeg    . . .        (helmet currently unavailable)
rPois   .            (no amulet)
rElec   .            l - ring of protection from fire
rCorr   +            q - ring of resist corrosion
SInv    .            (no ring)
Will    .....        (no ring)
Stlth   ++++         (no ring)
HPRegen 0.26/turn    (no ring)
MPRegen 0.09/turn    (no ring)
                     (no ring)

%: no passive effects
@: beast-form
A: beast (slay +1), almost no armour, amphibious, 8 rings, camouflage 1,
gelatinous body 1, (nimble swimmer 1), tentacles
a: Begin Untransformation


You were on level 4 of the Dungeon.
You were a hulking beast.
You visited 1 branch of the dungeon, and saw 4 of its levels.

You collected 173 gold pieces.

Inventory:

Jewellery
 l - a ring of protection from fire (left tentacle)
 q - a ring of resist corrosion (right tentacle)
Talismans
 b - a beast talisman (active)
 c - a flux talisman
Scrolls
 d - 4 scrolls of amnesia {unknown}
 e - a scroll of brand weapon {unknown}
 i - 2 scrolls of immolation {unknown}
 k - 2 scrolls of teleportation {unknown}
 p - 2 scrolls of identify {unknown}
Potions
 a - a potion of lignification
 f - a potion of might {unknown}
 g - a potion of brilliance {unknown}
 h - 3 potions of curing {unknown}
 j - 2 potions of haste {unknown}
 n - a potion of degeneration {unknown}
 o - 2 potions of cancellation {unknown}


   Skills:
 + Level 3.4 Fighting
 - Level 2.0 Dodging
 - Level 6.0 Stealth
 - Level 3.0 Unarmed Combat
 - Level 3.0 Shapeshifting


You had 4 spell levels left.
You didn't know any spells.
Your spell library contained the following spells:

 Spells                   Type           Power      Damage    Failure   Level
 Slow                     Hex            0%         N/A       32%         1
 Confusing Touch          Hex            0%         N/A       69%         3
 Vampiric Draining        Necr           0%         2d6       69%         3
 Animate Dead             Necr           0%         N/A       97%         4
 Borgnjor's Vile Clutch   Necr/Erth      0%         N/A       100%        5
 Death Channel            Necr           0%         N/A       100%        6


Dungeon Overview and Level Annotations

Branches:
Dungeon (4/15)
 Temple: D:4-7

Altars:
Trog

Annotations:
D:3 1 runed translucent door, exclusion: door, Terence
D:4 ogre, exclusion: black bear


Innate Abilities, Weirdness & Mutations

You are a hulking beast.
Your limbs bulge with bestial killing power. (Slay +1)
You cannot wear most types of armour.
You are amphibious.
You can wear up to eight rings at the same time.
Your skin changes colour to match your surroundings (Stealth+).
Your rubbery body absorbs attacks. (AC +1, EV +1)
((You are camouflaged when in or above water. (Stealth+)))
You have tentacles for arms and can constrict up to eight enemies at once.


Message History

You tentacle-slap the ribbon worm. You grab the ribbon worm.
The ribbon worm is moderately wounded.
You constrict the ribbon worm. The ribbon worm bites you.
You tentacle-slap the ribbon worm.
The ribbon worm is severely wounded.
You constrict the ribbon worm.
You kill the ribbon worm!
You start resting.
An ogre is nearby!
You see here an adder corpse.
You throw a throwing net. The throwing net hits the ogre.
The ogre is caught in the net!
The ogre struggles against the net.
The ogre struggles against the net.
The ogre struggles against the net.
The ogre struggles against the net.
The ogre struggles against the net.
The net rips apart, and the ogre comes free!
The ogre hits you with a +0 giant spiked club!!
Ouch! That really hurt!
You tentacle-slap the ogre.
The ogre is lightly wounded.
You barely miss the ogre. You squeeze the ogre.
The ogre is moderately wounded.
The ogre barely misses you.
You tentacle-slap the ogre. Your squeeze misses the ogre.
The ogre is moderately wounded.
You tentacle-slap the ogre.
The ogre is heavily wounded.
The ogre hits you with a +0 giant spiked club!
* * * LOW HITPOINT WARNING * * *
You tentacle-slap the ogre.
The ogre is heavily wounded.
The ogre barely misses you.
You closely miss the ogre. You squeeze the ogre.
The ogre is severely wounded.
You barely miss the ogre.
The ogre is severely wounded.
The ogre hits you with a +0 giant spiked club!!
Ouch! That really hurt!
You die...

##..#........#
....#........#
............### ###
......#.......# #.#
....###.......# ##.##
.(...##.......# ### #...#
#.).....#....####.######.##
####...)#....[.#...#.#....#
###....#.......hO....†...#
#....O.......##......[..##
##.##..........##.....#.##
#..#..#.............#.###
.....)#<#..........##...#
#..#.<.###........###$..#
#..##.## ###......##...#.?.
#. #.. #.###..............#
. ##.. ...........#.....#..


You could see an ogre.

Vanquished Creatures
  A scorpion (D:4)
  Jessica (D:2)
  A sleepcap (D:4)
  2 adders
  A white imp (D:3)
  2 dart slugs
  2 ribbon worms
  An orc (D:4)
  8 ball pythons
  5 endoplasms
  2 giant cockroaches
  4 goblins
  5 hobgoblins
  4 jackals (D:4)
  A quokka (D:3)
  4 bats
  4 frilled lizards
  6 kobolds
  6 rats
60 creatures vanquished.

Notes
Turn   | Place    | Note
-------+----------+-------------------------------------------
     0 | D:1      | Cancer the Octopode Shapeshifter began the quest for the
                  | Orb.
     0 | D:1      | Reached XP level 1. HP: 13/13 MP: 1/1
    18 | D:1      | Reached skill level 1 in Stealth
    81 | D:1      | Reached skill level 2 in Stealth
    91 | D:1      | Reached XP level 2. HP: 18/18 MP: 2/2
   180 | D:1      | Reached skill level 3 in Stealth
   338 | D:1      | Found a faded altar of an unknown god.
   657 | D:2      | Reached XP level 3. HP: 23/23 MP: 3/3
   722 | D:2      | Noticed Jessica
   731 | D:2      | Killed Jessica
   732 | D:2      | Reached skill level 4 in Stealth
   868 | D:2      | Reached skill level 5 in Stealth
   998 | D:2      | Reached XP level 4. HP: 28/28 MP: 4/4
  1481 | D:3      | Noticed Terence
  1531 | D:3      | Reached skill level 6 in Stealth
  1778 | D:3      | Found a runed translucent door.
  1814 | D:4      | Noticed a scorpion
  1845 | D:4      | Noticed a black bear
  1845 | D:4      | Found a bloodstained altar of Trog.
  1882 | D:4      | Killed a scorpion
  1883 | D:4      | Reached XP level 5. HP: 24/35 MP: 5/5
  1974 | D:4      | Noticed an ogre
  2070 | D:4      | Demolished by an ogre

Illustrated notes

Levels and vault maps discovered:
D:1:      enne_arrival_octagon_isle, layout_rooms, basic_ecumenical_altar
D:2:      layout_rooms, minivault_25, hex_intersection, uniq_jessica
D:3:      layout_rooms, minivault_19, uniq_terence, uniq_crazy_yiuf_cottage
D:4:      layout_cave_pools, trog_book, mainiacjoe_overflow_alcove_4,
          minmay_temple_entry_sparse_star

Skill      XL: |  1  2  3  4  5 |
---------------+----------------+-----
Stealth        | 2 3 5 6 |  6.0
Fighting       | 2 3 |  3.4
Dodging        | |  2.0
Unarmed Combat | |  3.0
Shapeshifting  | |  3.0

Action                     |  1- 3 |  4- 6 || total
---------------------------+-------+-------++-------
  Melee: Unarmed           |    47 |    60 ||   107
         Constrict         |    12 |    19 ||    31
         Tentacles         |    10 |    16 ||    26
         Punch             |     2 |     2 ||     4
  Throw: Throwing net      |       |     1 ||     1
   Stab: Sleeping          |     6 |     6 ||    12
 Armour: Skin              |    29 |    21 ||    50
  Dodge: Dodged            |    22 |    35 ||    57

Table legend: (Time is in decaauts)
 A = Elapsed time spent in this place.
 B = Non-inter-level travel time spent in this place.
 C = Inter-level travel time spent in this place.
 D = Time resting spent in this place.
 E = Time spent auto-exploring this place.
 F = Levels seen in this place.
 G = Mean time per level.
                   A        B        C        D        E       F      G
               +--------+--------+--------+--------+--------+-----+--------+
         Total |   2065 |   1853 |    212 |    128 |   1287 |   4 |  516.2 |
       Dungeon |   2065 |   1853 |    212 |    128 |   1287 |   4 |  516.2 |
               +--------+--------+--------+--------+--------+-----+--------+

Top non-repeatable levels by time:
     D:1: 674 daAuts
     D:2: 633 daAuts
     D:3: 591 daAuts
     D:4: 166 daAuts
